Islanders vs Hurricanes

Created - 5 novembre 2021 at 16:04

Goals
1 2 3 T
Islanders 1 1 2 4
Hurricanes 0 2 1 3
Shots
1 2 3 T
Islanders 8 9 8 25
Hurricanes 6 16 12 34

GoalsPenalties
1st period
1. Islanders , Jesse Puljujarvi 1 (Rasmus Ristolainen 7, Charlie Coyle 2) at 9:05 (PP)
Rasmus Ristolainen (NYI) for Holding (Minor) at 4:52
Nic Dowd (CAR) for Hooking (Minor) at 8:11
Rasmus Ristolainen (NYI) for Roughing (Minor) at 10:44
2nd period
2. Islanders , Alex Tuch 4 (J.T. Miller 6, Rasmus Ristolainen 8) at 0:08
3. Hurricanes , Alex Formenton 3 (Nic Dowd 1, Mark Borowiecki 2) at 3:25 (PP)
4. Hurricanes , Brian Boyle 1 (Tyler Johnson 1, Moritz Seider 1) at 9:42
J.T. Miller (NYI) for Hooking (Minor) at 0:09
Rasmus Dahlin (NYI) for Hooking (Minor) at 3:17
Alex Formenton (CAR) for Delaying the game (Minor) at 3:28
John Klingberg (NYI) for Hooking (Minor) at 17:14
3rd period
5. Islanders , Mark Scheifele 5 (J.T. Miller 7, Rasmus Dahlin 7) at 8:06 (PP)
6. Islanders , Charlie Coyle 3 (Jesse Puljujarvi 2, Lawson Crouse 2) at 10:19 (PP)
7. Hurricanes , Nic Dowd 2 (Josh Bailey 2, Alex Formenton 1) at 12:15
Mark Borowiecki (CAR) for Hooking (Minor) at 7:01
Mark Borowiecki (CAR) for Slashing (Minor) at 8:26
Rasmus Ristolainen (NYI) for Tripping (Minor) at 13:35
Markus Nutivaara (CAR) for Holding (Minor) at 16:45
Goalie Stats
Mikko Koskinen (NYI), 31 saves from 34 shots - (0,912), W, 4-2-0, 60:00 minutes
Joonas Korpisalo (CAR), 21 saves from 25 shots - (0,840), L, 0-4-1, 59:16 minutes
3 StarsOfficial
1 - J.T. Miller (NYI)
2 - Alex Tuch (NYI)
3 - Mark Scheifele (NYI)
Referees : Garrett Rank and Ian Walsh
Linesman : Jonny Murray and Greg Devorski
Game Note
No Game Note
Finance
Level 1 -- Attendance: 4585 (91,70%) -- Ticket Income 394 310 $
Level 2 -- Attendance: 3743 (93,58%) -- Ticket Income 190 893 $
Level 3 -- Attendance: 2922 (97,40%) -- Ticket Income 84 738 $
Level 4 -- Attendance: 4000 (100,00%) -- Ticket Income 84 000 $
Luxury Box -- Attendance: 1000 (100,00%) -- Ticket Income 156 000 $
Game was played at the RBC Center.
Total Attendance: 16250 (95,59%)
Total Ticket Income: 909 941 $
Other Income: 445 871 $
Total Income: 1 355 812 $



Team Name Goals Shots Shots Attemp Shots Blocked PIM HIT PP PK FO%
Islanders 425401312243 / 5 (60%)143%
Hurricanes 33481710131 / 6 (17%)357%

Islanders
Player Name POS G A P +/- PIM HIT SHT SB MP PP MP PP SHT PK MP PK SHT FO% FOT
Alex TuchLW/RW1011022023:324:1605:10027% 11
Alexandre TexierC/LW/RW000000109:350:0000:0000% 0
Charlie CoyleC/RW112-2002014:103:3410:24056% 16
J.T. MillerC/LW/RW0221264022:024:1623:411100% 1
Jesse PuljujarviRW112-2002013:463:3410:0000% 0
Johan LarssonC000000018:140:0000:00045% 11
John KlingbergD000-2250122:044:5105:0100% 0
Lawson CrouseLW/RW011-2021018:563:3405:1010% 0
Mark ScheifeleC1011003222:514:1614:29042% 36
Milan LucicLW000001009:260:0001:1200% 1
Nick SchmaltzC/RW000000309:350:0000:00040% 10
Noah DobsonD0000000215:470:0003:3600% 0
Philippe MyersD0000050121:395:1604:1200% 0
Rasmus DahlinD0111211225:072:3414:5100% 0
Rasmus RistolainenD0221612322:042:3411:5000% 0
Sammy BlaisLW/RW000001108:140:0000:0000% 0
Travis SanheimD000-2002013:140:2510:3600% 0
Viktor ArvidssonLW/RW000000119:350:0000:00050% 2
Hurricanes
Player Name POS G A P +/- PIM HIT SHT SB MP PP MP PP SHT PK MP PK SHT FO% FOT
Alex FormentonLW1121211017:415:0610:00075% 4
Alexis LafreniereLW000000306:420:0000:0000% 0
Andrew CoglianoC/LW000001106:420:0000:00060% 10
Brian BoyleC/LW101101209:550:0000:00082% 11
Chandler StephensonC/LW000-1014021:334:5713:42048% 23
Curtis LazarC/RW000001006:420:0000:000100% 1
Frank VatranoC/LW/RW000-1014121:594:5704:08162% 13
Ilya MikheyevRW000-1007021:334:5733:42150% 6
Josh BaileyC/LW/RW0111002017:425:0600:0000% 3
Leo KomarovC/LW/RW0001001010:280:0000:3300% 0
Mark BorowieckiD011-1431024:245:0602:2600% 0
Markus NutivaaraD0000221021:214:5703:1200% 0
Moritz SeiderD0112000113:480:0001:4800% 0
Neal PionkD000-1010225:395:0603:3900% 0
Nic DowdC/RW1121204221:165:0623:35053% 17
Quinn HughesD0000011122:134:5714:0300% 0
Tyler JohnsonC/LW/RW011100109:550:0000:0000% 0
Zach BogosianD0002001012:320:0000:3200% 0

Islanders

5 vs 5 Forward
Line #Left WingCenterRight WingPHYDFOFWanted %Time %Time Play
1J.T. MillerMark ScheifeleAlex Tuch1133433%13:58
2Lawson CrouseCharlie CoyleJesse Puljujarvi1222724%10:12
3Alexandre TexierNick SchmaltzViktor Arvidsson1132323%9:35
4Milan LucicJohan LarssonSammy Blais3111620%8:14
5 vs 5 Defense
Line #DefenseDefensePHYDFOFWanted %Time %Time Play
1Rasmus RistolainenRasmus Dahlin1223031%12:59
2John KlingbergTravis Sanheim1222929%12:13
3Philippe MyersNoah Dobson1222529%12:11
4Rasmus RistolainenRasmus Dahlin1221611%4:36
Power Play Forward
Line #Left WingCenterRight WingPHYDFOFWanted %Time %Time Play
1J.T. MillerMark ScheifeleAlex Tuch1135054%4:16
2Lawson CrouseCharlie CoyleJesse Puljujarvi1135046%3:34
Power Play Defense
Line #DefenseDefensePHYDFOFWanted %Time %Time Play
1Rasmus RistolainenRasmus Dahlin1135033%2:34
2John KlingbergPhilippe Myers1135067%5:16
Penalty Kill 4 Players Forward
Line #CenterWingPHYDFOFWanted %Time %Time Play
1Mark ScheifeleJ.T. Miller1315049%4:53
2Alex TuchLawson Crouse1315051%5:10
Penalty Kill 4 Players Defense
Line #DefenseDefensePHYDFOFWanted %Time %Time Play
1Rasmus RistolainenRasmus Dahlin1315058%5:51
2John KlingbergPhilippe Myers1225042%4:12
Penalty Kill 3 Players
Line #WingPHYDFOFWanted %Time %Time PlayDefenseDefensePHYDFOFWanted %Time %Time Play
1Mark Scheifele122500%0:00 Rasmus RistolainenRasmus Dahlin122500%0:00
2J.T. Miller122500%0:00 John KlingbergPhilippe Myers122500%0:00
4 vs 4 Forward
Line #CenterWingPHYDFOFWanted %Time %Time Play
1Mark ScheifeleJ.T. Miller122500%0:00
2Alex TuchLawson Crouse122500%0:00
4 vs 4 Defense
Line #DefensePHYDFOFWanted %Time %Time Play
1Rasmus RistolainenRasmus Dahlin122500%0:00
2John KlingbergPhilippe Myers122500%0:00
Last Minutes Offensive
Left WingCenterRight WingDefenseDefense
J.T. MillerMark ScheifeleAlex TuchRasmus RistolainenRasmus Dahlin
Last Minutes Defensive
Left WingCenterRight WingDefenseDefense
J.T. MillerMark ScheifeleAlex TuchRasmus RistolainenRasmus Dahlin
Time
Total ForwardTotal DefenseLast Minutes OffensiveLast Minutes Defensive
60:00 60:00 0:000:08
Extra Forwards
Normal PowerPlayPenalty Kill
Milan Lucic, Nick Schmaltz, Mark ScheifeleMilan Lucic, Nick SchmaltzMark Scheifele
Extra Defensemen
Normal PowerPlayPenalty Kill
Travis Sanheim, Noah Dobson, John KlingbergTravis Sanheim, Noah DobsonJohn Klingberg
Penalty Shots
Mark Scheifele, J.T. Miller, Alex Tuch, Lawson Crouse, Jesse Puljujarvi
Goalie
Mikko Koskinen, Matt Murray
Custom OT Lines Forwards
Mark Scheifele, J.T. Miller, Alex Tuch, Lawson Crouse, Jesse Puljujarvi, Charlie Coyle, Nick Schmaltz, Milan Lucic, Viktor Arvidsson, Sammy Blais
Custom OT Lines Defensemen
Rasmus Ristolainen, Rasmus Dahlin, John Klingberg, Philippe Myers, Travis Sanheim
Scratches
Troy Stecher (Healthy), Nicolas Aube-Kubel (Healthy), Sebastian AhoD (Healthy)

Hurricanes

5 vs 5 Forward
Line #Left WingCenterRight WingPHYDFOFWanted %Time %Time Play
1Frank VatranoChandler StephensonIlya Mikheyev1223030%12:32
2Alex FormentonNic DowdJosh Bailey1223030%12:36
3Tyler JohnsonBrian BoyleLeo Komarov1222424%9:55
4Alexis LafreniereAndrew CoglianoCurtis Lazar1221616%6:42
5 vs 5 Defense
Line #DefenseDefensePHYDFOFWanted %Time %Time Play
1Neal PionkMark Borowiecki1223029%12:14
2Quinn HughesMarkus Nutivaara1223032%13:13
3Zach BogosianMoritz Seider1222429%12:00
4Neal PionkMark Borowiecki1221610%4:18
Power Play Forward
Line #Left WingCenterRight WingPHYDFOFWanted %Time %Time Play
1Frank VatranoChandler StephensonIlya Mikheyev1225049%4:57
2Alex FormentonNic DowdJosh Bailey1225051%5:06
Power Play Defense
Line #DefenseDefensePHYDFOFWanted %Time %Time Play
1Neal PionkMark Borowiecki1225051%5:06
2Quinn HughesMarkus Nutivaara1225049%4:57
Penalty Kill 4 Players Forward
Line #CenterWingPHYDFOFWanted %Time %Time Play
1Ilya MikheyevChandler Stephenson1225047%3:42
2Frank VatranoNic Dowd1225053%4:08
Penalty Kill 4 Players Defense
Line #DefenseDefensePHYDFOFWanted %Time %Time Play
1Neal PionkMark Borowiecki1225047%3:39
2Quinn HughesMarkus Nutivaara1225053%4:11
Penalty Kill 3 Players
Line #WingPHYDFOFWanted %Time %Time PlayDefenseDefensePHYDFOFWanted %Time %Time Play
1Ilya Mikheyev122500%0:00 Neal PionkMark Borowiecki122500%0:00
2Chandler Stephenson122500%0:00 Quinn HughesMarkus Nutivaara122500%0:00
4 vs 4 Forward
Line #CenterWingPHYDFOFWanted %Time %Time Play
1Ilya MikheyevChandler Stephenson122500%0:00
2Frank VatranoNic Dowd122500%0:00
4 vs 4 Defense
Line #DefensePHYDFOFWanted %Time %Time Play
1Neal PionkMark Borowiecki122500%0:00
2Quinn HughesMarkus Nutivaara122500%0:00
Last Minutes Offensive
Left WingCenterRight WingDefenseDefense
Frank VatranoChandler StephensonIlya MikheyevNeal PionkMark Borowiecki
Last Minutes Defensive
Left WingCenterRight WingDefenseDefense
Frank VatranoChandler StephensonIlya MikheyevNeal PionkMark Borowiecki
Time
Total ForwardTotal DefenseLast Minutes OffensiveLast Minutes Defensive
60:00 60:00 0:220:00
Extra Forwards
Normal PowerPlayPenalty Kill
Brian Boyle, Tyler Johnson, Alexis LafreniereBrian Boyle, Tyler JohnsonAlexis Lafreniere
Extra Defensemen
Normal PowerPlayPenalty Kill
Zach Bogosian, Moritz Seider, Quinn HughesZach Bogosian, Moritz SeiderQuinn Hughes
Penalty Shots
Ilya Mikheyev, Chandler Stephenson, Frank Vatrano, Nic Dowd, Alex Formenton
Goalie
Joonas Korpisalo, Alex Stalock
Custom OT Lines Forwards
Ilya Mikheyev, Chandler Stephenson, Frank Vatrano, Nic Dowd, Alex Formenton, Josh Bailey, Brian Boyle, Tyler Johnson, Alexis Lafreniere, Leo Komarov
Custom OT Lines Defensemen
Neal Pionk, Mark Borowiecki, Quinn Hughes, Markus Nutivaara, Zach Bogosian
Scratches
Andrew Shaw (Healthy), Chris Wagner (Healthy), Kyle Rau (Healthy)


Play-by-Play

1st period


0:01 of 1st period - Chandler Stephenson wins face-off versus Mark Scheifele in neutral zone.
0:08 of 1st period - Shot by Chandler Stephenson.
0:08 of 1st period - Deflect By Frank Vatrano.
0:08 of 1st period - Shot Misses the Net.
0:20 of 1st period - Shot by J.T. Miller.
0:20 of 1st period - Shot Misses the Net.
0:22 of 1st period - Shot by J.T. Miller.
0:22 of 1st period - Shot Misses the Net.
0:24 of 1st period - Shot by J.T. Miller.
0:24 of 1st period - Stopped by Joonas Korpisalo without a rebound.
0:25 of 1st period - Charlie Coyle wins face-off versus Josh Bailey in Hurricanes zone.
0:33 of 1st period - Icing by Quinn Hughes.
0:34 of 1st period - Nic Dowd wins face-off versus Nick Schmaltz in Hurricanes zone.
1:31 of 1st period - Icing by Nic Dowd.
1:32 of 1st period - Johan Larsson wins face-off versus Nic Dowd in Hurricanes zone.
1:40 of 1st period - Johan Larsson is hit by Quinn Hughes and loses puck.
3:18 of 1st period - Lawson Crouse is hit by Mark Borowiecki and loses puck.
3:47 of 1st period - Shot by Charlie Coyle.
3:47 of 1st period - Stopped by Joonas Korpisalo without a rebound.
3:48 of 1st period - Viktor Arvidsson wins face-off versus Chandler Stephenson in Hurricanes zone.
3:57 of 1st period - Shot by Nick Schmaltz.
3:57 of 1st period - Stopped by Joonas Korpisalo without a rebound.
3:58 of 1st period - Brian Boyle wins face-off versus Johan Larsson in Hurricanes zone.
4:00 of 1st period - Icing by Leo Komarov.
4:01 of 1st period - Brian Boyle wins face-off versus Mark Scheifele in Hurricanes zone.
4:01 of 1st period - Brian Boyle is hit by J.T. Miller.
4:07 of 1st period - Shot by Neal Pionk.
4:07 of 1st period - Shot Misses the Net.
4:52 of 1st period - Minor Penalty to Rasmus Ristolainen for Holding.
4:53 of 1st period - Chandler Stephenson wins face-off versus Alex Tuch in Islanders zone.
5:03 of 1st period - Ilya Mikheyev is hit by Philippe Myers and loses puck.
6:09 of 1st period - Shot by Neal Pionk.
6:09 of 1st period - Shot Blocked by Noah Dobson.
6:55 of 1st period - Icing by Curtis Lazar.
6:56 of 1st period - Andrew Cogliano wins face-off versus Nick Schmaltz in Hurricanes zone.
7:09 of 1st period - Shot by Alexis Lafreniere.
7:09 of 1st period - Shot Blocked by Rasmus Dahlin.
7:11 of 1st period - Shot by Zach Bogosian.
7:11 of 1st period - Stopped by Mikko Koskinen with a rebound.
7:13 of 1st period - Shot by Andrew Cogliano.
7:13 of 1st period - Shot Misses the Net.
7:57 of 1st period - Moritz Seider is hit by John Klingberg and loses puck.
8:11 of 1st period - Minor Penalty to Nic Dowd for Hooking.
8:12 of 1st period - Frank Vatrano wins face-off versus Alex Tuch in Hurricanes zone.
8:34 of 1st period - Shot by Travis Sanheim.
8:34 of 1st period - Stopped by Joonas Korpisalo with a rebound.
8:36 of 1st period - Shot by Alex Tuch.
8:36 of 1st period - Deflect By J.T. Miller.
8:36 of 1st period - Stopped by Joonas Korpisalo without a rebound.
8:37 of 1st period - Charlie Coyle wins face-off versus Frank Vatrano in Hurricanes zone.
9:05 of 1st period - Shot by Jesse Puljujarvi.
9:05 of 1st period - Goal by Jesse Puljujarvi - Islanders : 1 - Hurricanes : 0.
9:06 of 1st period - Mark Scheifele wins face-off versus Nic Dowd in neutral zone.
9:26 of 1st period - J.T. Miller is hit by Alex Formenton and loses puck.
10:35 of 1st period - Shot by Frank Vatrano.
10:35 of 1st period - Stopped by Mikko Koskinen without a rebound.
10:36 of 1st period - Brian Boyle wins face-off versus Milan Lucic in Islanders zone.
10:44 of 1st period - Minor Penalty to Rasmus Ristolainen for Roughing.
10:45 of 1st period - Mark Scheifele wins face-off versus Chandler Stephenson in Islanders zone.
10:56 of 1st period - Shot by J.T. Miller.
10:56 of 1st period - Stopped by Joonas Korpisalo without a rebound.
10:57 of 1st period - Nic Dowd wins face-off versus Alex Tuch in Hurricanes zone.
10:57 of 1st period - Nic Dowd is hit by Lawson Crouse.
11:33 of 1st period - Shot by Mark Borowiecki.
11:33 of 1st period - Shot Blocked by Philippe Myers.
11:40 of 1st period - Icing by Nic Dowd.
11:41 of 1st period - Alex Formenton wins face-off versus Alex Tuch in Hurricanes zone.
12:57 of 1st period - Icing by Rasmus Ristolainen.
12:58 of 1st period - Andrew Cogliano wins face-off versus Nick Schmaltz in Islanders zone.
12:59 of 1st period - Shot by Alexis Lafreniere.
12:59 of 1st period - Shot Blocked by Rasmus Ristolainen.
13:11 of 1st period - Shot by Nick Schmaltz.
13:11 of 1st period - Stopped by Joonas Korpisalo without a rebound.
13:12 of 1st period - Brian Boyle wins face-off versus Mark Scheifele in Hurricanes zone.
13:12 of 1st period - Brian Boyle is hit by Alex Tuch.
13:55 of 1st period - Leo Komarov is hit by J.T. Miller and loses puck.
14:11 of 1st period - Icing by Jesse Puljujarvi.
14:12 of 1st period - Charlie Coyle wins face-off versus Chandler Stephenson in Islanders zone.
14:42 of 1st period - Shot by Chandler Stephenson.
14:42 of 1st period - Shot Misses the Net.
16:05 of 1st period - Shot by Andrew Cogliano.
16:05 of 1st period - Stopped by Mikko Koskinen with a rebound.
16:07 of 1st period - Shot by Curtis Lazar.
16:07 of 1st period - Shot Misses the Net.
16:09 of 1st period - Shot by Alexis Lafreniere.
16:09 of 1st period - Stopped by Mikko Koskinen with a rebound.
16:11 of 1st period - Shot by Mark Borowiecki.
16:11 of 1st period - Stopped by Mikko Koskinen without a rebound.
16:12 of 1st period - Brian Boyle wins face-off versus Mark Scheifele in Islanders zone.
16:34 of 1st period - Mark Scheifele is hit by Markus Nutivaara and loses puck.
16:48 of 1st period - Shot by Tyler Johnson.
16:48 of 1st period - Shot Misses the Net.
16:50 of 1st period - Shot by Markus Nutivaara.
16:50 of 1st period - Deflect By Tyler Johnson.
16:50 of 1st period - Shot Misses the Net.
16:52 of 1st period - Shot by Leo Komarov.
16:52 of 1st period - Stopped by Mikko Koskinen without a rebound.
16:53 of 1st period - Chandler Stephenson wins face-off versus Johan Larsson in Islanders zone.
17:27 of 1st period - Ilya Mikheyev is hit by Milan Lucic and loses puck.
19:10 of 1st period - Off-side.
19:11 of 1st period - Chandler Stephenson wins face-off versus Mark Scheifele in neutral zone.
19:28 of 1st period - Alex Tuch is hit by Mark Borowiecki and loses puck.
19:50 of 1st period - Shot by Alex Tuch.
19:50 of 1st period - Shot Blocked by Neal Pionk.
Goals for this period are 1 for Islanders vs 0 for Hurricanes.
Shots for this period are 8 for Islanders vs 6 for Hurricanes.

2nd period


0:01 of 2nd period - Chandler Stephenson wins face-off versus Mark Scheifele in neutral zone.
0:06 of 2nd period - Shot by J.T. Miller.
0:06 of 2nd period - Shot Misses the Net.
0:08 of 2nd period - Shot by Alex Tuch.
0:08 of 2nd period - Goal by Alex Tuch - Islanders : 2 - Hurricanes : 0.
0:09 of 2nd period - Chandler Stephenson wins face-off versus Mark Scheifele in neutral zone.
0:09 of 2nd period - Minor Penalty to J.T. Miller for Hooking.
0:10 of 2nd period - Alex Formenton wins face-off versus Alex Tuch in Islanders zone.
1:12 of 2nd period - Shot by Ilya Mikheyev.
1:12 of 2nd period - Stopped by Mikko Koskinen without a rebound.
1:13 of 2nd period - Alex Tuch wins face-off versus Chandler Stephenson in Islanders zone.
1:21 of 2nd period - Icing by Quinn Hughes.
1:22 of 2nd period - Alex Tuch wins face-off versus Chandler Stephenson in Hurricanes zone.
1:31 of 2nd period - Shot by Alex Tuch.
1:31 of 2nd period - Deflect By Lawson Crouse.
1:31 of 2nd period - Stopped by Joonas Korpisalo without a rebound.
1:32 of 2nd period - Alex Tuch wins face-off versus Nic Dowd in Hurricanes zone.
1:58 of 2nd period - Nic Dowd is hit by John Klingberg and loses puck.
2:31 of 2nd period - Shot by Chandler Stephenson.
2:31 of 2nd period - Shot Blocked by Viktor Arvidsson.
3:11 of 2nd period - Shot by Tyler Johnson.
3:11 of 2nd period - Shot Misses the Net.
3:13 of 2nd period - Shot by Tyler Johnson.
3:13 of 2nd period - Shot Misses the Net.
3:15 of 2nd period - Shot by Leo Komarov.
3:15 of 2nd period - Shot Misses the Net.
3:17 of 2nd period - Shot by Tyler Johnson.
3:17 of 2nd period - Stopped by Mikko Koskinen without a rebound.
3:17 of 2nd period - Minor Penalty to Rasmus Dahlin for Hooking.
3:18 of 2nd period - Nic Dowd wins face-off versus Mark Scheifele in Islanders zone.
3:19 of 2nd period - Shot by Neal Pionk.
3:19 of 2nd period - Shot Misses the Net.
3:21 of 2nd period - Shot by Mark Borowiecki.
3:21 of 2nd period - Shot Misses the Net.
3:23 of 2nd period - Shot by Nic Dowd.
3:23 of 2nd period - Shot Misses the Net.
3:25 of 2nd period - Shot by Alex Formenton.
3:25 of 2nd period - Goal by Alex Formenton - Islanders : 2 - Hurricanes : 1.
3:26 of 2nd period - Mark Scheifele wins face-off versus Nic Dowd in neutral zone.
3:28 of 2nd period - Minor Penalty to Alex Formenton for Delaying the game.
3:29 of 2nd period - Frank Vatrano wins face-off versus Mark Scheifele in Hurricanes zone.
3:29 of 2nd period - Frank Vatrano is hit by J.T. Miller.
3:48 of 2nd period - Icing by Philippe Myers.
3:49 of 2nd period - Frank Vatrano wins face-off versus Alex Tuch in Islanders zone.
4:00 of 2nd period - Shot by Frank Vatrano.
4:00 of 2nd period - Stopped by Mikko Koskinen with a rebound.
4:10 of 2nd period - Chandler Stephenson is hit by J.T. Miller.
4:19 of 2nd period - Off-side.
4:20 of 2nd period - Frank Vatrano wins face-off versus Charlie Coyle in neutral zone.
4:41 of 2nd period - Shot by Rasmus Dahlin.
4:41 of 2nd period - Stopped by Joonas Korpisalo with a rebound.
4:43 of 2nd period - Shot by Rasmus Ristolainen.
4:43 of 2nd period - Stopped by Joonas Korpisalo without a rebound.
4:44 of 2nd period - Frank Vatrano wins face-off versus Mark Scheifele in Hurricanes zone.
5:01 of 2nd period - Neal Pionk is hit by Alex Tuch and loses puck.
6:04 of 2nd period - Shot by Jesse Puljujarvi.
6:04 of 2nd period - Stopped by Joonas Korpisalo without a rebound.
6:05 of 2nd period - Andrew Cogliano wins face-off versus Johan Larsson in Hurricanes zone.
6:10 of 2nd period - Johan Larsson is hit by Andrew Cogliano and loses puck.
6:19 of 2nd period - Shot by Travis Sanheim.
6:19 of 2nd period - Shot Misses the Net.
6:21 of 2nd period - Shot by Sammy Blais.
6:21 of 2nd period - Stopped by Joonas Korpisalo without a rebound.
6:22 of 2nd period - Nic Dowd wins face-off versus Nick Schmaltz in Hurricanes zone.
6:27 of 2nd period - Shot by Nick Schmaltz.
6:27 of 2nd period - Shot Blocked by Nic Dowd.
6:40 of 2nd period - Shot by Josh Bailey.
6:40 of 2nd period - Stopped by Mikko Koskinen without a rebound.
6:41 of 2nd period - Frank Vatrano wins face-off versus Mark Scheifele in Islanders zone.
7:01 of 2nd period - Off-side.
7:02 of 2nd period - Nic Dowd wins face-off versus Charlie Coyle in neutral zone.
7:44 of 2nd period - Shot by John Klingberg.
7:44 of 2nd period - Shot Misses the Net.
8:32 of 2nd period - Shot by Mark Scheifele.
8:32 of 2nd period - Stopped by Joonas Korpisalo without a rebound.
8:33 of 2nd period - Johan Larsson wins face-off versus Chandler Stephenson in Hurricanes zone.
8:55 of 2nd period - Quinn Hughes is hit by Sammy Blais and loses puck.
9:02 of 2nd period - Shot by Ilya Mikheyev.
9:02 of 2nd period - Shot Blocked by Johan Larsson.
9:04 of 2nd period - Shot by Markus Nutivaara.
9:04 of 2nd period - Shot Misses the Net.
9:06 of 2nd period - Shot by Ilya Mikheyev.
9:06 of 2nd period - Shot Misses the Net.
9:08 of 2nd period - Shot by Ilya Mikheyev.
9:08 of 2nd period - Stopped by Mikko Koskinen without a rebound.
9:09 of 2nd period - Charlie Coyle wins face-off versus Brian Boyle in Islanders zone.
9:42 of 2nd period - Shot by Tyler Johnson.
9:42 of 2nd period - Deflect By Brian Boyle.
9:42 of 2nd period - Goal by Brian Boyle - Islanders : 2 - Hurricanes : 2.
9:43 of 2nd period - Mark Scheifele wins face-off versus Andrew Cogliano in neutral zone.
10:42 of 2nd period - Shot by Chandler Stephenson.
10:42 of 2nd period - Shot Misses the Net.
10:48 of 2nd period - Shot by Chandler Stephenson.
10:48 of 2nd period - Stopped by Mikko Koskinen without a rebound.
10:49 of 2nd period - Nic Dowd wins face-off versus Charlie Coyle in Islanders zone.
11:55 of 2nd period - Shot by Frank Vatrano.
11:55 of 2nd period - Stopped by Mikko Koskinen without a rebound.
11:56 of 2nd period - Nick Schmaltz wins face-off versus Brian Boyle in Islanders zone.
12:08 of 2nd period - Off-side.
12:09 of 2nd period - Mark Scheifele wins face-off versus Chandler Stephenson in neutral zone.
12:15 of 2nd period - Icing by Chandler Stephenson.
12:16 of 2nd period - J.T. Miller wins face-off versus Chandler Stephenson in Hurricanes zone.
12:42 of 2nd period - Icing by Alex Tuch.
12:43 of 2nd period - Mark Scheifele wins face-off versus Nic Dowd in Islanders zone.
13:20 of 2nd period - Shot by Nic Dowd.
13:20 of 2nd period - Stopped by Mikko Koskinen without a rebound.
13:21 of 2nd period - Johan Larsson wins face-off versus Chandler Stephenson in Islanders zone.
13:33 of 2nd period - Mark Borowiecki is hit by John Klingberg and loses puck.
14:01 of 2nd period - Icing by John Klingberg.
14:02 of 2nd period - Brian Boyle wins face-off versus Johan Larsson in Islanders zone.
14:50 of 2nd period - Travis Sanheim is hit by Brian Boyle and loses puck.
15:18 of 2nd period - J.T. Miller is hit by Mark Borowiecki and loses puck.
15:21 of 2nd period - Shot by Mark Scheifele.
15:21 of 2nd period - Stopped by Joonas Korpisalo without a rebound.
15:22 of 2nd period - Nick Schmaltz wins face-off versus Chandler Stephenson in Hurricanes zone.
15:25 of 2nd period - Shot by Nick Schmaltz.
15:25 of 2nd period - Stopped by Joonas Korpisalo without a rebound.
15:26 of 2nd period - Chandler Stephenson wins face-off versus Nick Schmaltz in Hurricanes zone.
15:52 of 2nd period - Shot by Frank Vatrano.
15:52 of 2nd period - Deflect By Ilya Mikheyev.
15:52 of 2nd period - Stopped by Mikko Koskinen with a rebound.
16:40 of 2nd period - Shot by Alex Formenton.
16:40 of 2nd period - Shot Blocked by Rasmus Ristolainen.
16:42 of 2nd period - Shot by Moritz Seider.
16:42 of 2nd period - Deflect By Josh Bailey.
16:42 of 2nd period - Stopped by Mikko Koskinen without a rebound.
16:43 of 2nd period - Andrew Cogliano wins face-off versus Charlie Coyle in Islanders zone.
16:46 of 2nd period - Shot by Markus Nutivaara.
16:46 of 2nd period - Shot Misses the Net.
16:53 of 2nd period - Andrew Cogliano is hit by Rasmus Dahlin and loses puck.
16:56 of 2nd period - Shot by Curtis Lazar.
16:56 of 2nd period - Shot Misses the Net.
16:58 of 2nd period - Shot by Quinn Hughes.
16:58 of 2nd period - Shot Misses the Net.
17:00 of 2nd period - Shot by Alexis Lafreniere.
17:00 of 2nd period - Shot Misses the Net.
17:02 of 2nd period - Shot by Alexis Lafreniere.
17:02 of 2nd period - Shot Misses the Net.
17:04 of 2nd period - Shot by Markus Nutivaara.
17:04 of 2nd period - Stopped by Mikko Koskinen without a rebound.
17:05 of 2nd period - Alex Formenton wins face-off versus Mark Scheifele in Islanders zone.
17:05 of 2nd period - Alex Formenton is hit by John Klingberg.
17:14 of 2nd period - Minor Penalty to John Klingberg for Hooking.
17:15 of 2nd period - Mark Scheifele wins face-off versus Chandler Stephenson in Islanders zone.
17:31 of 2nd period - Shot by Chandler Stephenson.
17:31 of 2nd period - Stopped by Mikko Koskinen without a rebound.
17:32 of 2nd period - Nic Dowd wins face-off versus Mark Scheifele in Islanders zone.
17:33 of 2nd period - Shot by Neal Pionk.
17:33 of 2nd period - Shot Blocked by Rasmus Dahlin.
17:35 of 2nd period - Shot by Mark Borowiecki.
17:35 of 2nd period - Shot Misses the Net.
17:37 of 2nd period - Shot by Nic Dowd.
17:37 of 2nd period - Stopped by Mikko Koskinen without a rebound.
17:38 of 2nd period - Chandler Stephenson wins face-off versus Alex Tuch in Islanders zone.
17:39 of 2nd period - Shot by Frank Vatrano.
17:39 of 2nd period - Shot Blocked by Rasmus Ristolainen.
17:41 of 2nd period - Shot by Quinn Hughes.
17:41 of 2nd period - Stopped by Mikko Koskinen without a rebound.
17:42 of 2nd period - Mark Scheifele wins face-off versus Frank Vatrano in Islanders zone.
18:19 of 2nd period - Shot by Ilya Mikheyev.
18:19 of 2nd period - Shot Hit the Post.
18:21 of 2nd period - Shot by Frank Vatrano.
18:21 of 2nd period - Shot Misses the Net.
18:25 of 2nd period - Shot by Frank Vatrano.
18:25 of 2nd period - Shot Blocked by Mark Scheifele.
Goals for this period are 1 for Islanders vs 2 for Hurricanes.
Shots for this period are 9 for Islanders vs 16 for Hurricanes.

3rd period


0:01 of 3rd period - Mark Scheifele wins face-off versus Ilya Mikheyev in neutral zone.
0:37 of 3rd period - Shot by J.T. Miller.
0:37 of 3rd period - Shot Misses the Net.
0:39 of 3rd period - Shot by Alex Tuch.
0:39 of 3rd period - Stopped by Joonas Korpisalo without a rebound.
0:40 of 3rd period - Charlie Coyle wins face-off versus Nic Dowd in Hurricanes zone.
1:30 of 3rd period - Icing by Quinn Hughes.
1:31 of 3rd period - Mark Scheifele wins face-off versus Nic Dowd in Hurricanes zone.
1:32 of 3rd period - Shot by Rasmus Ristolainen.
1:32 of 3rd period - Stopped by Joonas Korpisalo with a rebound.
2:04 of 3rd period - Neal Pionk is hit by J.T. Miller and loses puck.
2:21 of 3rd period - Shot by Ilya Mikheyev.
2:21 of 3rd period - Stopped by Mikko Koskinen without a rebound.
2:22 of 3rd period - Nick Schmaltz wins face-off versus Andrew Cogliano in Islanders zone.
2:29 of 3rd period - Shot by Travis Sanheim.
2:29 of 3rd period - Stopped by Joonas Korpisalo without a rebound.
2:30 of 3rd period - Charlie Coyle wins face-off versus Andrew Cogliano in Hurricanes zone.
2:48 of 3rd period - Zach Bogosian is hit by John Klingberg and loses puck.
2:53 of 3rd period - Shot by Alexis Lafreniere.
2:53 of 3rd period - Deflect By Curtis Lazar.
2:53 of 3rd period - Shot Misses the Net.
2:55 of 3rd period - Shot by Alexis Lafreniere.
2:55 of 3rd period - Stopped by Mikko Koskinen without a rebound.
2:56 of 3rd period - Nick Schmaltz wins face-off versus Alex Formenton in Islanders zone.
4:02 of 3rd period - Viktor Arvidsson is hit by Chandler Stephenson and loses puck.
4:11 of 3rd period - Shot by Frank Vatrano.
4:11 of 3rd period - Stopped by Mikko Koskinen without a rebound.
4:12 of 3rd period - Brian Boyle wins face-off versus Alex Tuch in Islanders zone.
4:36 of 3rd period - Brian Boyle is hit by Rasmus Ristolainen and loses puck.
4:46 of 3rd period - Icing by Mark Scheifele.
4:47 of 3rd period - Chandler Stephenson wins face-off versus Mark Scheifele in Islanders zone.
4:54 of 3rd period - Shot by Frank Vatrano.
4:54 of 3rd period - Shot Misses the Net.
4:56 of 3rd period - Shot by Chandler Stephenson.
4:56 of 3rd period - Stopped by Mikko Koskinen without a rebound.
4:57 of 3rd period - Charlie Coyle wins face-off versus Josh Bailey in Islanders zone.
5:11 of 3rd period - Icing by Mark Borowiecki.
5:12 of 3rd period - Johan Larsson wins face-off versus Nic Dowd in Hurricanes zone.
5:33 of 3rd period - Shot by Josh Bailey.
5:33 of 3rd period - Shot Misses the Net.
6:06 of 3rd period - Icing by Chandler Stephenson.
6:07 of 3rd period - Chandler Stephenson wins face-off versus Mark Scheifele in Hurricanes zone.
6:20 of 3rd period - Shot by Chandler Stephenson.
6:20 of 3rd period - Stopped by Mikko Koskinen without a rebound.
6:21 of 3rd period - Brian Boyle wins face-off versus Charlie Coyle in Islanders zone.
6:21 of 3rd period - Leo Komarov is hit by Philippe Myers and loses puck.
6:32 of 3rd period - Shot by Brian Boyle.
6:32 of 3rd period - Stopped by Mikko Koskinen without a rebound.
6:33 of 3rd period - Chandler Stephenson wins face-off versus Mark Scheifele in Islanders zone.
6:39 of 3rd period - Icing by Mark Scheifele.
6:40 of 3rd period - Ilya Mikheyev wins face-off versus Mark Scheifele in Islanders zone.
6:54 of 3rd period - Shot by Ilya Mikheyev.
6:54 of 3rd period - Shot Blocked by Mark Scheifele.
7:01 of 3rd period - Minor Penalty to Mark Borowiecki for Hooking.
7:02 of 3rd period - Charlie Coyle wins face-off versus Frank Vatrano in Hurricanes zone.
8:04 of 3rd period - Shot by Rasmus Dahlin.
8:04 of 3rd period - Shot Misses the Net.
8:06 of 3rd period - Shot by J.T. Miller.
8:06 of 3rd period - Deflect By Mark Scheifele.
8:06 of 3rd period - Goal by Mark Scheifele - Islanders : 3 - Hurricanes : 2.
8:07 of 3rd period - Andrew Cogliano wins face-off versus Viktor Arvidsson in neutral zone.
8:10 of 3rd period - Alexandre Texier is hit by Curtis Lazar and loses puck.
8:26 of 3rd period - Minor Penalty to Mark Borowiecki for Slashing.
8:27 of 3rd period - Mark Scheifele wins face-off versus Ilya Mikheyev in Hurricanes zone.
8:28 of 3rd period - Shot by John Klingberg.
8:28 of 3rd period - Shot Blocked by Moritz Seider.
8:38 of 3rd period - Shot by Alex Tuch.
8:38 of 3rd period - Shot Blocked by Neal Pionk.
8:43 of 3rd period - Alex Tuch is hit by Neal Pionk and loses puck.
9:01 of 3rd period - Icing by Mark Scheifele.
9:02 of 3rd period - Frank Vatrano wins face-off versus Mark Scheifele in Islanders zone.
9:12 of 3rd period - Icing by Philippe Myers.
9:13 of 3rd period - Ilya Mikheyev wins face-off versus Mark Scheifele in Islanders zone.
9:18 of 3rd period - Shot by Ilya Mikheyev.
9:18 of 3rd period - Stopped by Mikko Koskinen without a rebound.
9:19 of 3rd period - Frank Vatrano wins face-off versus Charlie Coyle in Islanders zone.
9:35 of 3rd period - Off-side.
9:36 of 3rd period - Mark Scheifele wins face-off versus Frank Vatrano in neutral zone.
9:47 of 3rd period - Shot by J.T. Miller.
9:47 of 3rd period - Shot Blocked by Quinn Hughes.
9:49 of 3rd period - Shot by J.T. Miller.
9:49 of 3rd period - Stopped by Joonas Korpisalo without a rebound.
9:50 of 3rd period - Ilya Mikheyev wins face-off versus Charlie Coyle in Hurricanes zone.
10:15 of 3rd period - Shot by Charlie Coyle.
10:15 of 3rd period - Shot Blocked by Nic Dowd.
10:17 of 3rd period - Shot by Charlie Coyle.
10:17 of 3rd period - Shot Blocked by Frank Vatrano.
10:19 of 3rd period - Shot by Charlie Coyle.
10:19 of 3rd period - Goal by Charlie Coyle - Islanders : 4 - Hurricanes : 2.
10:20 of 3rd period - Brian Boyle wins face-off versus Mark Scheifele in neutral zone.
10:20 of 3rd period - Brian Boyle is hit by J.T. Miller.
11:24 of 3rd period - J.T. Miller is hit by Frank Vatrano and loses puck.
12:13 of 3rd period - Shot by Josh Bailey.
12:13 of 3rd period - Shot Misses the Net.
12:15 of 3rd period - Shot by Nic Dowd.
12:15 of 3rd period - Goal by Nic Dowd - Islanders : 4 - Hurricanes : 3.
12:16 of 3rd period - Curtis Lazar wins face-off versus Nick Schmaltz in neutral zone.
12:25 of 3rd period - Shot by Alexis Lafreniere.
12:25 of 3rd period - Stopped by Mikko Koskinen without a rebound.
12:26 of 3rd period - Nic Dowd wins face-off versus Johan Larsson in Islanders zone.
12:26 of 3rd period - Alex Formenton is hit by Philippe Myers and loses puck.
12:52 of 3rd period - Shot by Josh Bailey.
12:52 of 3rd period - Deflect By Nic Dowd.
12:52 of 3rd period - Shot Misses the Net.
13:35 of 3rd period - Minor Penalty to Rasmus Ristolainen for Tripping.
13:36 of 3rd period - Mark Scheifele wins face-off versus Frank Vatrano in Islanders zone.
13:51 of 3rd period - Shot by Ilya Mikheyev.
13:51 of 3rd period - Stopped by Mikko Koskinen without a rebound.
13:52 of 3rd period - Nic Dowd wins face-off versus Mark Scheifele in Islanders zone.
14:03 of 3rd period - Shot by Josh Bailey.
14:03 of 3rd period - Shot Misses the Net.
14:05 of 3rd period - Shot by Josh Bailey.
14:05 of 3rd period - Shot Misses the Net.
14:19 of 3rd period - Shot by Nic Dowd.
14:19 of 3rd period - Stopped by Mikko Koskinen with a rebound.
14:21 of 3rd period - Shot by Mark Borowiecki.
14:21 of 3rd period - Shot Misses the Net.
14:23 of 3rd period - Shot by Mark Borowiecki.
14:23 of 3rd period - Shot Misses the Net.
14:25 of 3rd period - Shot by Mark Borowiecki.
14:25 of 3rd period - Shot Misses the Net.
15:15 of 3rd period - Shot by Ilya Mikheyev.
15:15 of 3rd period - Stopped by Mikko Koskinen without a rebound.
15:16 of 3rd period - Mark Scheifele wins face-off versus Josh Bailey in Islanders zone.
15:29 of 3rd period - Shot by Nic Dowd.
15:29 of 3rd period - Shot Blocked by John Klingberg.
15:55 of 3rd period - Shot by Alexandre Texier.
15:55 of 3rd period - Stopped by Joonas Korpisalo without a rebound.
15:56 of 3rd period - Andrew Cogliano wins face-off versus Johan Larsson in Hurricanes zone.
16:44 of 3rd period - Sammy Blais is hit by Markus Nutivaara.
16:45 of 3rd period - Minor Penalty to Markus Nutivaara for Holding.
16:46 of 3rd period - Charlie Coyle wins face-off versus Ilya Mikheyev in Hurricanes zone.
18:32 of 3rd period - Shot by Philippe Myers.
18:32 of 3rd period - Deflect By Jesse Puljujarvi.
18:32 of 3rd period - Shot Misses the Net.
18:42 of 3rd period - Chandler Stephenson is hit by Lawson Crouse and loses puck.
18:55 of 3rd period - Shot by Viktor Arvidsson.
18:55 of 3rd period - Stopped by Joonas Korpisalo without a rebound.
18:56 of 3rd period - Johan Larsson wins face-off versus Andrew Cogliano in Hurricanes zone.
19:08 of 3rd period - Curtis Lazar is hit by Philippe Myers and loses puck.
19:11 of 3rd period - Hurricanes, Joonas Korpisalo is pulled from the net.
19:22 of 3rd period - Curtis Lazar is hit by Philippe Myers and loses puck.
19:33 of 3rd period - Shot by Andrew Cogliano.
19:33 of 3rd period - Shot Blocked by Noah Dobson.
19:54 of 3rd period - Icing by Neal Pionk.
19:55 of 3rd period - Joonas Korpisalo from Hurricanes was sent back in the game.
19:55 of 3rd period - Mark Scheifele wins face-off versus Chandler Stephenson in Hurricanes zone.
Goals for this period are 2 for Islanders vs 1 for Hurricanes.
Shots for this period are 8 for Islanders vs 12 for Hurricanes.